 Dungeon Crawl Stone Soup version 0.25-a0-516-g7d600cd9ad (webtiles) character file.

Game seed: 6554483617858904416, levelgen mode: deterministic

53 ChaosChampion the Sneak (level 3, 0/16 HPs)
             Began as a Spriggan Enchanter on Feb 17, 2020.
             Succumbed to an adder's poison
             ... on level 2 of the Dungeon.
             The game lasted 00:06:45 (1465 turns).

ChaosChampion the Sneak (Spriggan Enchanter)        Turns: 1465, Time: 00:06:46

Health: 0/16       AC:  2    Str:  8 (9)  XL:     3   Next: 64%
Magic:  3/8        EV: 19    Int: 15 (16) God:
Gold:   60         SH:  0    Dex: 16 (17) Spells: 5/8 levels left

rFire    + . .     SeeInvis +   a - +1 dagger
rCold    + . .     Gourm    .   (shield restricted)
rNeg     . . .     Faith    .   b - +0 robe
rPois    +         Spirit   .   (helmet restricted)
rElec    +         Reflect  .   (no cloak)
rCorr    +         Harm     .   (gloves unavailable)
MR       .....                  (boots unavailable)
Stlth    +++.......             (no amulet)
HPRegen  0.05/turn              (no ring)
MPRegen  0.11/turn              (no ring)

@: mighty, lethally poisoned (0 -> -4), resistant, hasted, very quick
A: very small, unfitting armour, see invisible, herbivore, speed 3, slow
metabolism 2
a: no special abilities


You were on level 2 of the Dungeon.
You were not hungry.

You visited 1 branch of the dungeon, and saw 2 of its levels.

You collected 60 gold pieces.

Inventory:

Hand Weapons
 a - a +1 dagger (weapon)
Missiles
 g - 4 curare-tipped darts (quivered)
Armour
 b - a +0 robe (worn)
Scrolls
 e - a scroll of fog {unknown}
 f - a scroll of immolation {unknown}
 h - a scroll of blinking {unknown}
 j - a scroll of remove curse {unknown}
 k - a scroll of magic mapping {unknown}
 n - a scroll of identify {unknown}
 o - 2 scrolls of teleportation {unknown}
Potions
 c - a potion of haste
 i - a potion of resistance
 p - a potion of invisibility {unknown}
Comestibles
 d - 5 rations


   Skills:
 - Level 0.1 Fighting
 * Level 1.4 Short Blades
 + Level 3.4 Dodging
 * Level 5.2 Stealth
 + Level 3.3 Spellcasting
 + Level 4.3 Hexes


You had 5 spell levels left.
You knew the following spells:

 Your Spells              Type           Power        Failure   Level  Hunger
a - Corona                Hex            ###....      3%          1    None
b - Ensorcelled Hibernat  Hex/Ice        #.....       12%         2    ##.....

Your spell library contained the following spells:

 Spells                   Type           Power        Failure   Level  Hunger
 Confusing Touch          Hex            ###.....     10%         3    ###....
 Tukima's Dance           Hex            ###.....     10%         3    ###....
 Dazzling Flash           Conj/Hex       #.....       24%         3    ###....


Dungeon Overview and Level Annotations

Branches:
Dungeon (2/15)

Altars:
Uskayaw


Innate Abilities, Weirdness & Mutations

You are very small and have problems with some larger weapons.
You are too small for most types of armour.
You have supernaturally acute eyesight. (SInv)
You are a herbivore.
You cover ground extremely quickly.
You need to consume almost no food.


Message History

You are lethally poisoned!
The adder poisons you! The adder misses you.
* * * LOW HITPOINT WARNING * * *
You feel sick.
* * * LOW HITPOINT WARNING * * *
You feel sick.
* * * LOW HITPOINT WARNING * * *
You feel sick.
* * * LOW HITPOINT WARNING * * *
You feel sick.
It was a potion of haste.
You feel yourself speed up.
It was a potion of resistance.
You feel protected.
Okay, then.
It was a potion of might.
You feel very mighty all of a sudden.
It was a potion of degeneration.
There was something very wrong with that liquid.
You feel weakened.
You feel dopey.
You feel clumsy.
You die...

#.#
#.####.####.
###<# #.# #.
#...#######.
#.# #.
##...........
... #.
##.....#####..
.>. #.
#..._...#
..... ..
#.......#
..... ..
#.#####.#
#......
#.#..(#@#
#.#.(.#.#
#†#####S#
#.......#
#.####.###
#........#
######.#.#
#.#.# #.#.#


You could see 2 dancing weapons and an adder.

Vanquished Creatures
  A dart slug (D:1)
  4 leopard geckos
  4 giant cockroaches (D:1)
  2 hobgoblins (D:2)
  9 jackals
  4 bats
  5 frilled lizards (D:2)
  2 goblins
  8 kobolds
  8 rats (D:1)
47 creatures vanquished.

Notes
Turn   | Place    | Note
-------+----------+-------------------------------------------
     0 | D:1      | ChaosChampion the Spriggan Enchanter began the quest for
                  | the Orb.
     0 | D:1      | Reached XP level 1. HP: 9/9 MP: 5/5
   226 | D:1      | Reached XP level 2. HP: 5/13 MP: 6/6
   231 | D:1      | Learned a level 2 spell: Ensorcelled Hibernation
   902 | D:1      | Reached XP level 3. HP: 13/16 MP: 3/8
   966 | D:1      | Reached skill level 5 in Stealth
  1372 | D:2      | Found a hide-covered altar of Uskayaw.
  1375 | D:2      | Noticed a +3 dagger
  1375 | D:2      | Noticed a +0 dagger
  1465 | D:2      | Succumbed to an adder's poison

Levels and vault maps discovered:
D:1:      psy_arrival_basics, layout_loops_ring
D:2:      layout_loops_ring, dancing_weapons_uskayaw, kennysheep_slug_shrine

Skill      XL: |  1  2  3 |
---------------+----------+-----
Hexes          | 4 |  4.3
Spellcasting   | 3 |  3.3
Stealth        | 5 |  5.2
Fighting       | |  0.1
Short Blades   | |  1.4
Dodging        | |  3.4

Action                   || total
-------------------------++-------
Melee: Dagger            ||   133
 Cast: Corona            ||     7
       Ensorcelled Hiber ||    31
  Use: Potion            ||     4
 Stab: Sleeping          ||    29
       Distracted        ||     1
Armor: Robe              ||     5
Dodge: Dodged            ||   122

Table legend:
 A = Non-vault XP
 B = Vault XP
 C = Vault XP percentage of total XP
 D = Non-vault monster count
 E = Vault monster count
 F = Vault count percentage of total count
                 A         B        C        D         E       F
            +---------+---------+-------+---------+---------+-------
      Total |      77 |       0 |   0.0 |      47 |       0 |   0.0
            +---------+---------+-------+---------+---------+-------
        D:1 |      50 |       0 |   0.0 |      30 |       0 |   0.0
        D:2 |      27 |       0 |   0.0 |      17 |       0 |   0.0
            +---------+---------+-------+---------+---------+-------
